[ AOE2 MATCH · #482601280 ]
UnrankedWei vs Vietnamese
[ REPLAY ANALYSIS · EXTRACTED FROM THE RECORDED GAME ]
Feudal
10:46
Castle
14:18
Imperial
34:57
| APM avg | 35.8 |
| APM peak | 80 |
| eAPM avg | 26.7 |
| Villagers / military | 191 / 186 |
Focus
⚔️ 39.8% · 🌾 60.2%
Unknown (1949) ×372 · Scout Cavalry ×186 · Trade Cart ×34 · Unknown (1942) ×24 · Unknown (1944) ×9 · Unknown (1954) ×1
Feudal
—
Castle
—
Imperial
—
| APM avg | 15.9 |
| APM peak | 49 |
| eAPM avg | 11.2 |
| Villagers / military | 104 / 190 |
Focus
⚔️ 33.7% · 🌾 66.3%
Keshik ×190 · Trade Cart ×45
Feudal
10:01
Castle
21:08
Imperial
32:49
| APM avg | 23.5 |
| APM peak | 48 |
| eAPM avg | 13.7 |
| Villagers / military | 113 / 333 |
Focus
⚔️ 34.1% · 🌾 65.9%
Archer ×211 · Spearman ×72 · Skirmisher ×49 · Bombard Cannon ×1
Feudal
7:51
Castle
22:15
Imperial
41:04
| APM avg | 44.1 |
| APM peak | 94 |
| eAPM avg | 24.9 |
| Villagers / military | 159 / 236 |
Focus
⚔️ 49.4% · 🌾 50.6%
Scout Cavalry ×121 · Mangudai ×99 · Battering Ram ×14 · Monk ×2
Feudal
—
Castle
—
Imperial
—
| APM avg | 24.3 |
| APM peak | 53 |
| eAPM avg | 15.0 |
| Villagers / military | 160 / 222 |
Focus
⚔️ 28.3% · 🌾 71.7%
Rattan Archer ×186 · Battle Elephant ×35 · Trade Cart ×20 · Monk ×1
Feudal
12:08
Castle
16:28
Imperial
44:25
| APM avg | 24.4 |
| APM peak | 47 |
| eAPM avg | 15.8 |
| Villagers / military | 267 / 194 |
Focus
⚔️ 30.3% · 🌾 69.7%
Konnik ×188 · Petard ×2 · Mangonel ×2 · Battering Ram ×2
Feudal
13:18
Castle
17:13
Imperial
44:07
| APM avg | 39.4 |
| APM peak | 76 |
| eAPM avg | 18.1 |
| Villagers / military | 135 / 114 |
Focus
⚔️ 23.9% · 🌾 76.1%
Mameluke ×101 · Battering Ram ×12 · Trade Cart ×11 · Monk ×1
Feudal
9:23
Castle
21:55
Imperial
33:00
| APM avg | 20.6 |
| APM peak | 52 |
| eAPM avg | 15.0 |
| Villagers / military | 167 / 172 |
Focus
⚔️ 30.1% · 🌾 69.9%
Knight ×123 · Scout Cavalry ×36 · Trebuchet (Packed) ×10 · Monk ×2 · Kipchak ×1
Match map
Initial resources + every placement click. Lines = walls · curves = elevation contours. ◆ gold · ⬟ stone · ● berries · ✦ relic · ◌ wall gap
Your base· ✓ Closed at 14:18 · 17t walls · no gate
leilei777771's base· ✓ Closed at 13:10 · 33t walls · 2 gate(s)
emrek03's base· ✓ Closed at 21:08 · 49t walls · 1 gate(s)
questupidez's base· ✓ Closed at 22:15 · 66t walls · 3 gate(s)
dravecz8619's base· ✓ Closed at 13:22 · 54t walls · no gate
𝕰𝕷 𝕿𝖀𝕽𝕮𝕺's base· ✓ Closed at 16:28 · 18t walls · 1 gate(s)
HAMADY's base· ✓ Closed at 17:13 · 41t walls · 1 gate(s)
Sacks910's base· ✓ Closed at 21:55 · 0t walls · 1 gate(s)
Smoothed initial terrain · ◌ = detected wall gap · hover for details
Inputs per minute
— Jabberwock - - leilei777771
Build order — Jabberwock
First 150 of 764 actions detected
| 0:01 | Create | Villager (Male) |
| 0:01 | Create | Villager (Male) |
| 0:02 | Build | House |
| 0:03 | Build | House |
| 0:04 | Create | Villager (Male) |
| 0:05 | Create | Villager (Male) |
| 0:05 | Create | Villager (Male) |
| 0:05 | Create | Villager (Male) |
| 1:24 | Create | Villager (Male) |
| 1:24 | Create | Villager (Male) |
| 1:52 | Create | Villager (Male) |
| 2:19 | Build | Lumber Camp |
| 2:21 | Create | Villager (Male) |
| 2:21 | Create | Villager (Male) |
| 2:27 | Create | Villager (Male) |
| 2:27 | Create | Villager (Male) |
| 3:10 | Create | Villager (Male) |
| 3:10 | Create | Villager (Male) |
| 3:28 | Create | Villager (Male) |
| 3:28 | Create | Villager (Male) |
| 3:34 | Build | House |
| 3:46 | Build | House |
| 3:51 | Build | Palisade Wall |
| 3:54 | Build | Palisade Wall |
| 4:04 | Create | Villager (Male) |
| 4:04 | Create | Villager (Male) |
| 4:04 | Create | Villager (Male) |
| 4:05 | Create | Villager (Male) |
| 4:48 | Create | Villager (Male) |
| 4:51 | Create | Villager (Male) |
| 4:54 | Build | Palisade Wall |
| 4:55 | Create | Villager (Male) |
| 5:16 | Build | Mill |
| 5:42 | Build | Palisade Wall |
| 6:03 | Build | Palisade Wall |
| 6:31 | Create | Villager (Male) |
| 6:31 | Create | Villager (Male) |
| 6:32 | Create | Villager (Male) |
| 6:47 | Create | Villager (Male) |
| 7:23 | Create | Villager (Male) |
| 7:29 | Create | Villager (Male) |
| 8:14 | Build | Mining Camp |
| 8:21 | Research | Feudal Age |
| 9:53 | Create | Villager (Male) |
| 9:53 | Create | Villager (Male) |
| 10:04 | Build | House |
| 10:46 | Age | Feudal Age |
| 10:50 | Build | Market |
| 10:53 | Build | Blacksmith |
| 11:16 | Build | Mining Camp |
| 11:38 | Research | Castle Age |
| 11:39 | Research | Castle Age |
| 11:41 | Research | Double-Bit Axe |
| 12:00 | Research | Horse Collar |
| 12:39 | Research | Gold Mining |
| 12:41 | Research | Stone Mining |
| 13:04 | Research | Gold Mining |
| 13:52 | Create | Villager (Male) |
| 14:18 | Age | Castle Age |
| 14:21 | Build | House |
| 14:24 | Build | Town Center |
| 14:27 | Build | Town Center |
| 14:34 | Build | House |
| 14:36 | Build | House |
| 14:39 | Build | House |
| 14:58 | Research | Wheelbarrow |
| 15:05 | Build | Farm |
| 15:38 | Build | Farm |
| 15:53 | Build | Farm |
| 15:55 | Create | Villager (Male) |
| 15:59 | Build | Farm |
| 16:06 | Build | Farm |
| 16:11 | Create | Villager (Male) ×2 |
| 16:12 | Create | Villager (Male) ×2 |
| 16:32 | Create | Villager (Male) |
| 16:41 | Build | Farm |
| 16:42 | Build | Farm |
| 16:48 | Build | Stone Wall |
| 16:54 | Build | Farm |
| 16:58 | Create | Villager (Male) ×3 |
| 16:59 | Create | Villager (Male) ×3 |
| 17:09 | Build | Farm |
| 17:09 | Create | Villager (Male) |
| 17:09 | Create | Villager (Male) |
| 17:17 | Build | Farm |
| 17:23 | Build | House |
| 17:26 | Create | Villager (Male) |
| 17:33 | Build | Stone Wall |
| 17:37 | Build | Stone Wall |
| 17:43 | Build | House |
| 17:44 | Build | House |
| 17:50 | Build | Farm |
| 17:50 | Build | Farm |
| 17:51 | Create | Villager (Male) |
| 17:51 | Create | Villager (Male) |
| 17:57 | Create | Villager (Male) ×3 |
| 17:58 | Create | Villager (Male) ×3 |
| 18:07 | Build | Farm |
| 18:07 | Create | Villager (Male) |
| 18:08 | Create | Villager (Male) |
| 18:08 | Create | Villager (Male) |
| 18:14 | Create | Villager (Male) |
| 18:14 | Create | Villager (Male) |
| 18:17 | Research | Loom |
| 18:23 | Build | Farm |
| 18:27 | Create | Villager (Male) |
| 18:27 | Create | Villager (Male) |
| 18:28 | Build | House |
| 18:43 | Build | Farm |
| 18:43 | Create | Villager (Male) |
| 18:44 | Create | Villager (Male) |
| 18:46 | Build | Farm |
| 18:55 | Build | Stone Wall |
| 18:56 | Create | Villager (Male) |
| 18:56 | Create | Villager (Male) |
| 19:04 | Build | House |
| 19:06 | Create | Villager (Male) |
| 19:06 | Create | Villager (Male) |
| 19:14 | Build | Farm |
| 19:22 | Create | Villager (Male) ×3 |
| 19:27 | Build | Farm |
| 19:27 | Create | Villager (Male) |
| 19:27 | Create | Villager (Male) |
| 19:42 | Create | Villager (Male) |
| 19:42 | Create | Villager (Male) |
| 19:43 | Build | Farm |
| 19:47 | Build | House |
| 19:50 | Build | House |
| 20:01 | Create | Villager (Male) |
| 20:02 | Create | Villager (Male) |
| 20:05 | Build | Farm |
| 20:05 | Create | Villager (Male) |
| 20:05 | Create | Villager (Male) |
| 20:11 | Build | House |
| 20:20 | Build | Farm |
| 20:21 | Create | Villager (Male) |
| 20:32 | Build | Stone Wall |
| 20:34 | Build | Stone Wall |
| 20:36 | Build | Stone Wall |
| 20:38 | Create | Villager (Male) ×3 |
| 20:43 | Build | Farm |
| 20:47 | Build | Farm |
| 20:50 | Create | Villager (Male) |
| 21:02 | Research | Town Watch |
| 21:09 | Create | Villager (Male) |
| 21:17 | Create | Villager (Male) |
| 21:21 | Build | Farm |
| 21:21 | Build | Farm |
| 21:22 | Build | Farm |
| 21:22 | Build | Farm |
Build order — leilei777771
First 150 of 390 actions detected
| 0:01 | Create | Villager (Male) |
| 0:02 | Create | Villager (Male) |
| 0:03 | Build | House |
| 0:06 | Build | House |
| 0:25 | Research | Loom |
| 0:25 | Create | Villager (Male) |
| 0:25 | Create | Villager (Male) |
| 0:50 | Build | Lumber Camp |
| 1:36 | Create | Villager (Male) |
| 2:19 | Create | Villager (Male) |
| 2:46 | Create | Villager (Male) |
| 2:47 | Create | Villager (Male) |
| 3:28 | Create | Villager (Male) |
| 3:29 | Create | Villager (Male) |
| 4:05 | Build | House |
| 4:08 | Build | House |
| 4:11 | Create | Villager (Male) |
| 4:11 | Create | Villager (Male) |
| 4:32 | Build | House |
| 4:36 | Create | Villager (Male) |
| 4:49 | Build | Palisade Wall |
| 4:53 | Build | Palisade Gate |
| 5:01 | Build | Palisade Wall |
| 5:07 | Create | Villager (Male) |
| 5:08 | Create | Villager (Male) |
| 5:08 | Create | Villager (Male) |
| 5:21 | Build | House |
| 5:56 | Create | Villager (Male) |
| 5:56 | Create | Villager (Male) |
| 6:03 | Build | House |
| 6:40 | Build | Palisade Wall |
| 6:53 | Build | Palisade Wall |
| 6:56 | Build | Palisade Gate |
| 7:02 | Create | Villager (Male) |
| 7:02 | Create | Villager (Male) |
| 7:14 | Build | Mill |
| 7:20 | Create | Villager (Male) |
| 7:57 | Create | Villager (Male) |
| 8:21 | Build | Mining Camp |
| 8:46 | Create | Villager (Male) |
| 8:46 | Create | Villager (Male) |
| 9:21 | Build | Farm |
| 9:25 | Create | Villager (Male) |
| 9:30 | Build | Farm |
| 9:38 | Create | Villager (Male) |
| 10:03 | Research | Feudal Age |
| 10:18 | Create | Villager (Male) |
| 10:18 | Create | Villager (Male) |
| 12:20 | Build | Market |
| 12:24 | Build | Blacksmith |
| 13:10 | Research | Castle Age |
| 14:01 | Build | Mining Camp |
| 14:18 | Create | Villager (Male) ×4 |
| 14:59 | Build | Farm |
| 14:59 | Build | Farm |
| 15:09 | Build | Farm |
| 15:46 | Build | Farm |
| 16:29 | Build | Castle |
| 16:50 | Create | Villager (Male) |
| 17:21 | Build | House |
| 17:22 | Build | House |
| 17:47 | Create | Keshik |
| 17:56 | Create | Villager (Male) |
| 17:58 | Build | House |
| 18:06 | Create | Keshik |
| 18:10 | Create | Villager (Male) |
| 18:11 | Create | Villager (Male) |
| 18:28 | Create | Keshik |
| 18:42 | Build | Farm |
| 18:49 | Create | Villager (Male) |
| 18:57 | Build | House |
| 19:19 | Build | Farm |
| 19:20 | Create | Villager (Male) |
| 19:25 | Build | Farm |
| 19:35 | Build | Farm |
| 19:51 | Build | House |
| 19:57 | Build | Stone Wall |
| 20:00 | Build | Gate |
| 20:03 | Build | House |
| 20:05 | Create | Villager (Male) |
| 20:10 | Build | Farm |
| 20:10 | Build | Farm |
| 20:21 | Create | Villager (Male) |
| 20:27 | Build | Farm |
| 20:31 | Create | Keshik |
| 20:48 | Create | Villager (Male) |
| 20:56 | Build | Farm |
| 20:57 | Build | Farm |
| 21:08 | Create | Villager (Male) |
| 21:11 | Build | House |
| 21:13 | Build | House |
| 21:18 | Build | House |
| 21:20 | Build | House |
| 21:25 | Build | House |
| 21:28 | Create | Villager (Male) |
| 21:40 | Build | Farm |
| 21:42 | Build | Farm |
| 21:48 | Create | Villager (Male) |
| 21:48 | Create | Keshik |
| 22:03 | Create | Keshik |
| 22:30 | Create | Keshik |
| 22:31 | Create | Villager (Male) |
| 22:40 | Build | Mill |
| 22:42 | Build | Farm |
| 22:42 | Build | Farm |
| 22:42 | Build | Farm |
| 22:44 | Create | Villager (Male) |
| 23:04 | Create | Villager (Male) |
| 23:05 | Create | Keshik |
| 23:12 | Build | Farm |
| 23:19 | Create | Keshik |
| 23:22 | Build | Farm |
| 23:25 | Create | Keshik |
| 23:28 | Create | Villager (Male) |
| 23:52 | Create | Villager (Male) |
| 23:54 | Create | Keshik |
| 24:02 | Build | Lumber Camp |
| 24:07 | Create | Keshik |
| 24:22 | Create | Villager (Male) |
| 24:33 | Build | House |
| 24:36 | Build | Stone Wall |
| 24:39 | Build | Gate |
| 24:41 | Build | House |
| 24:44 | Build | House |
| 24:47 | Create | Villager (Male) |
| 24:48 | Create | Keshik |
| 24:48 | Create | Keshik |
| 24:55 | Build | Farm |
| 24:57 | Build | Farm |
| 25:13 | Create | Villager (Male) |
| 25:14 | Create | Keshik |
| 25:23 | Build | Stone Wall |
| 25:27 | Build | Gate |
| 25:32 | Build | Lumber Camp |
| 25:36 | Create | Villager (Male) |
| 25:37 | Create | Keshik |
| 25:37 | Create | Keshik |
| 25:46 | Build | Mill |
| 25:50 | Build | Farm |
| 25:55 | Build | Farm |
| 25:57 | Build | Farm |
| 26:00 | Create | Villager (Male) |
| 26:03 | Create | Keshik |
| 26:19 | Build | Farm |
| 26:22 | Create | Villager (Male) |
| 26:23 | Create | Keshik |
| 26:34 | Create | Keshik |
| 26:36 | Build | Farm |
| 26:54 | Create | Villager (Male) |
| 26:57 | Create | Keshik |
Build order — emrek03
First 150 of 392 actions detected
| 0:05 | Create | Villager (Male) |
| 0:05 | Create | Villager (Male) |
| 0:07 | Build | House |
| 0:08 | Build | House |
| 0:18 | Create | Villager (Male) |
| 0:18 | Create | Villager (Male) |
| 0:18 | Create | Villager (Male) |
| 1:43 | Create | Villager (Male) |
| 1:43 | Create | Villager (Male) |
| 2:05 | Create | Villager (Male) |
| 2:06 | Create | Villager (Male) |
| 2:06 | Create | Villager (Male) |
| 2:23 | Build | Lumber Camp |
| 2:29 | Build | House |
| 2:30 | Build | House |
| 2:35 | Create | Villager (Male) |
| 2:35 | Create | Villager (Male) |
| 3:04 | Create | Villager (Male) |
| 3:05 | Create | Villager (Male) |
| 3:11 | Create | Villager (Male) |
| 3:11 | Create | Villager (Male) |
| 3:44 | Create | Villager (Male) |
| 3:44 | Create | Villager (Male) |
| 4:12 | Create | Villager (Male) |
| 4:12 | Create | Villager (Male) |
| 5:02 | Create | Villager (Male) |
| 5:02 | Create | Villager (Male) |
| 5:42 | Create | Villager (Male) |
| 5:43 | Create | Villager (Male) |
| 5:43 | Create | Villager (Male) |
| 5:43 | Create | Villager (Male) |
| 5:43 | Create | Villager (Male) |
| 6:19 | Create | Villager (Male) |
| 6:25 | Build | Mill |
| 6:37 | Create | Villager (Male) |
| 6:58 | Create | Villager (Male) |
| 7:09 | Create | Villager (Male) |
| 7:20 | Research | Loom |
| 7:51 | Research | Feudal Age |
| 7:51 | Research | Feudal Age |
| 8:03 | Build | Barracks |
| 8:41 | Build | Palisade Wall |
| 8:45 | Build | Palisade Wall |
| 9:01 | Build | Palisade Wall |
| 9:04 | Build | Palisade Wall |
| 9:07 | Build | Palisade Wall |
| 9:10 | Create | Villager (Male) |
| 9:10 | Create | Villager (Male) |
| 9:28 | Build | Mining Camp |
| 9:57 | Create | Villager (Male) |
| 10:01 | Age | Feudal Age |
| 10:16 | Build | Archery Range |
| 10:33 | Build | Palisade Gate |
| 10:37 | Create | Spearman |
| 10:39 | Create | Villager (Male) |
| 10:40 | Create | Villager (Male) |
| 11:03 | Build | House |
| 11:06 | Build | House |
| 11:25 | Create | Archer |
| 11:25 | Create | Archer |
| 11:29 | Build | House |
| 11:34 | Create | Villager (Male) |
| 11:37 | Research | Double-Bit Axe |
| 12:02 | Create | Spearman |
| 12:24 | Build | House |
| 12:26 | Build | House |
| 12:27 | Build | House |
| 12:29 | Create | Villager (Male) |
| 12:29 | Create | Villager (Male) |
| 12:36 | Build | Farm |
| 12:39 | Create | Villager (Male) |
| 12:47 | Research | Horse Collar |
| 13:29 | Create | Villager (Male) |
| 13:35 | Build | Blacksmith |
| 13:48 | Build | Farm |
| 13:54 | Build | Farm |
| 14:22 | Build | Farm |
| 14:24 | Build | Farm |
| 14:27 | Build | Farm |
| 14:42 | Build | Farm |
| 14:52 | Build | Farm |
| 14:54 | Create | Villager (Male) |
| 14:54 | Create | Villager (Male) |
| 15:09 | Create | Archer |
| 15:36 | Create | Villager (Male) |
| 15:55 | Create | Villager (Male) |
| 16:00 | Build | Farm |
| 16:00 | Build | Farm |
| 16:01 | Build | Farm |
| 16:01 | Build | Farm |
| 16:02 | Build | Farm |
| 16:05 | Create | Villager (Male) |
| 16:17 | Create | Archer |
| 16:18 | Create | Archer |
| 16:23 | Create | Archer |
| 16:28 | Create | Villager (Male) |
| 16:51 | Build | Lumber Camp |
| 16:56 | Create | Villager (Male) |
| 16:59 | Create | Archer |
| 17:11 | Create | Archer |
| 17:25 | Build | Farm |
| 17:25 | Build | Farm |
| 17:26 | Build | Farm |
| 17:39 | Create | Villager (Male) |
| 17:56 | Create | Archer |
| 18:14 | Build | Archery Range |
| 18:20 | Create | Archer |
| 18:28 | Research | Castle Age |
| 18:47 | Research | Fletching |
| 18:53 | Build | Archery Range |
| 18:57 | Create | Villager (Male) |
| 19:07 | Build | Lumber Camp |
| 19:22 | Create | Archer |
| 19:22 | Create | Archer |
| 19:54 | Research | Wheelbarrow |
| 19:59 | Research | Padded Archer Armor |
| 20:01 | Create | Archer |
| 20:01 | Create | Archer |
| 20:04 | Create | Archer |
| 20:08 | Research | Gold Mining |
| 20:18 | Create | Archer |
| 20:38 | Build | Mining Camp |
| 21:08 | Age | Castle Age |
| 21:12 | Research | Crossbowman (upgrade) |
| 21:13 | Create | Villager (Male) |
| 21:18 | Build | University |
| 21:20 | Create | Villager (Male) |
| 21:38 | Create | Archer |
| 21:38 | Create | Archer |
| 21:38 | Create | Archer |
| 21:39 | Create | Archer |
| 21:50 | Create | Villager (Male) |
| 21:59 | Build | Archery Range |
| 22:14 | Research | Bow Saw |
| 22:16 | Create | Villager (Male) |
| 22:35 | Create | Archer |
| 22:35 | Create | Archer |
| 22:35 | Create | Archer |
| 22:57 | Create | Villager (Male) |
| 22:57 | Create | Villager (Male) |
| 23:08 | Build | Farm |
| 23:08 | Build | Farm |
| 23:08 | Build | Farm |
| 23:09 | Build | Farm |
| 23:09 | Build | Farm |
| 23:13 | Research | Heavy Plow |
| 23:14 | Create | Villager (Male) |
| 23:24 | Create | Archer |
| 23:27 | Build | House |
| 23:28 | Build | House |
Build order — questupidez
First 150 of 657 actions detected
| 0:01 | Create | Villager (Male) |
| 0:02 | Create | Villager (Male) |
| 0:02 | Create | Villager (Male) |
| 0:02 | Create | Villager (Male) |
| 0:02 | Create | Villager (Male) |
| 0:04 | Build | House |
| 0:07 | Build | House |
| 0:49 | Build | Lumber Camp |
| 1:37 | Create | Villager (Male) |
| 1:38 | Create | Villager (Male) |
| 2:06 | Create | Villager (Male) |
| 2:07 | Create | Villager (Male) |
| 2:07 | Create | Villager (Male) |
| 2:28 | Create | Villager (Male) |
| 2:28 | Create | Villager (Male) |
| 2:28 | Create | Villager (Male) |
| 2:55 | Create | Villager (Male) |
| 2:55 | Create | Villager (Male) |
| 3:04 | Create | Villager (Male) |
| 3:05 | Create | Villager (Male) |
| 3:33 | Create | Villager (Male) |
| 3:49 | Create | Villager (Male) |
| 3:52 | Build | House |
| 3:58 | Build | House |
| 4:01 | Create | Villager (Male) |
| 4:01 | Create | Villager (Male) |
| 4:19 | Create | Villager (Male) |
| 4:48 | Build | Mill |
| 5:05 | Create | Villager (Male) |
| 5:41 | Research | Feudal Age |
| 5:42 | Research | Feudal Age |
| 6:26 | Build | Palisade Wall |
| 6:41 | Build | Palisade Wall |
| 7:36 | Build | House |
| 7:51 | Age | Feudal Age |
| 7:54 | Create | Villager (Male) |
| 8:03 | Create | Villager (Male) |
| 8:26 | Create | Villager (Male) |
| 8:28 | Build | Mining Camp |
| 9:08 | Create | Villager (Male) |
| 9:28 | Create | Villager (Male) |
| 9:56 | Build | House |
| 10:01 | Build | House |
| 10:07 | Build | Palisade Wall |
| 10:13 | Create | Villager (Male) |
| 10:24 | Create | Villager (Male) |
| 10:47 | Create | Villager (Male) |
| 11:03 | Create | Villager (Male) |
| 11:10 | Build | Barracks |
| 11:30 | Create | Villager (Male) |
| 12:02 | Research | Double-Bit Axe |
| 12:03 | Research | Double-Bit Axe |
| 12:04 | Research | Gold Mining |
| 12:04 | Research | Gold Mining |
| 12:06 | Create | Villager (Male) |
| 12:32 | Create | Villager (Male) |
| 12:35 | Research | Stone Mining |
| 12:35 | Research | Stone Mining |
| 12:50 | Build | Stable |
| 13:05 | Create | Villager (Male) |
| 13:32 | Create | Villager (Male) |
| 13:43 | Build | Blacksmith |
| 13:59 | Create | Villager (Male) |
| 14:10 | Research | Wheelbarrow |
| 14:29 | Create | Villager (Male) |
| 14:39 | Build | Gate |
| 14:50 | Build | Farm |
| 14:51 | Build | Farm |
| 14:51 | Build | Farm |
| 14:51 | Build | Farm |
| 14:52 | Build | Farm |
| 14:52 | Build | Farm |
| 14:52 | Build | Farm |
| 14:53 | Build | Farm |
| 14:53 | Build | Farm |
| 14:54 | Build | Farm |
| 14:54 | Build | Farm |
| 14:54 | Build | Farm |
| 14:55 | Build | Farm |
| 14:55 | Build | Farm |
| 14:55 | Build | Farm |
| 14:55 | Build | Farm |
| 15:02 | Research | Horse Collar |
| 15:03 | Research | Horse Collar |
| 15:06 | Create | Villager (Male) |
| 15:22 | Build | Lumber Camp |
| 15:24 | Create | Villager (Male) |
| 15:38 | Build | Stone Wall |
| 15:57 | Build | Farm |
| 15:58 | Create | Villager (Male) |
| 16:03 | Build | Farm |
| 16:40 | Create | Villager (Male) |
| 16:49 | Build | Farm |
| 17:00 | Research | Town Watch |
| 17:02 | Build | House |
| 17:13 | Build | House |
| 17:15 | Build | House |
| 17:26 | Create | Villager (Male) |
| 17:29 | Build | Farm |
| 17:53 | Create | Villager (Male) |
| 18:16 | Build | Palisade Wall |
| 18:18 | Build | Gate |
| 18:21 | Build | Stone Wall |
| 18:24 | Create | Villager (Male) |
| 18:29 | Build | Farm |
| 18:37 | Build | House |
| 18:39 | Build | House |
| 18:49 | Create | Villager (Male) |
| 18:56 | Build | Palisade Wall |
| 18:57 | Build | Gate |
| 19:00 | Build | House |
| 19:01 | Build | House |
| 19:03 | Build | House |
| 19:27 | Build | Palisade Wall |
| 19:29 | Build | Gate |
| 19:35 | Research | Castle Age |
| 19:36 | Research | Castle Age |
| 19:45 | Build | Stone Wall |
| 22:08 | Create | Villager (Male) |
| 22:15 | Age | Castle Age |
| 22:18 | Build | Castle |
| 22:30 | Build | Town Center |
| 22:38 | Create | Villager (Male) |
| 22:49 | Create | Villager (Male) |
| 23:02 | Create | Villager (Male) |
| 23:07 | Build | Mining Camp |
| 23:16 | Create | Mangudai |
| 23:18 | Create | Villager (Male) |
| 23:27 | Build | University |
| 23:35 | Build | House |
| 23:38 | Build | House |
| 23:40 | Build | House |
| 23:42 | Build | House |
| 23:48 | Create | Villager (Male) |
| 23:48 | Create | Villager (Male) |
| 23:52 | Create | Mangudai |
| 24:12 | Create | Mangudai |
| 24:16 | Create | Villager (Male) |
| 24:18 | Create | Villager (Male) |
| 24:27 | Research | Ballistics |
| 24:27 | Research | Ballistics |
| 24:28 | Create | Villager (Male) |
| 24:32 | Research | Husbandry |
| 24:33 | Research | Bow Saw |
| 24:33 | Research | Heavy Plow |
| 24:34 | Research | Heavy Plow |
| 24:36 | Research | Gold Shaft Mining |
| 24:36 | Research | Gold Shaft Mining |
| 24:37 | Create | Villager (Male) |
| 24:47 | Build | Monastery |
Build order — dravecz8619
First 150 of 433 actions detected
| 0:01 | Create | Villager (Male) |
| 0:01 | Create | Villager (Male) |
| 0:01 | Create | Villager (Male) |
| 0:02 | Build | House |
| 0:03 | Build | House |
| 0:43 | Create | Villager (Male) |
| 0:43 | Create | Villager (Male) |
| 1:36 | Create | Villager (Male) |
| 1:43 | Build | Lumber Camp |
| 1:58 | Create | Villager (Male) |
| 1:59 | Create | Villager (Male) |
| 2:39 | Create | Villager (Male) |
| 2:39 | Create | Villager (Male) |
| 3:03 | Create | Villager (Male) |
| 3:03 | Create | Villager (Male) |
| 3:03 | Create | Villager (Male) |
| 3:30 | Build | House |
| 3:36 | Create | Villager (Male) |
| 3:36 | Create | Villager (Male) |
| 3:51 | Build | Mill |
| 4:08 | Create | Villager (Male) |
| 4:09 | Create | Villager (Male) |
| 4:22 | Build | Palisade Wall |
| 4:40 | Create | Villager (Male) |
| 4:40 | Create | Villager (Male) |
| 4:41 | Create | Villager (Male) |
| 4:56 | Build | House |
| 5:27 | Create | Villager (Male) |
| 5:27 | Create | Villager (Male) |
| 5:28 | Create | Villager (Male) |
| 5:51 | Create | Villager (Male) |
| 5:51 | Create | Villager (Male) |
| 6:06 | Build | Farm |
| 6:09 | Create | Villager (Male) |
| 6:09 | Create | Villager (Male) |
| 6:09 | Create | Villager (Male) |
| 6:41 | Build | Farm |
| 6:55 | Create | Villager (Male) |
| 6:55 | Create | Villager (Male) |
| 7:35 | Build | Lumber Camp |
| 8:11 | Build | House |
| 8:19 | Create | Villager (Male) |
| 8:20 | Create | Villager (Male) |
| 8:20 | Create | Villager (Male) |
| 8:29 | Research | Loom |
| 8:36 | Build | House |
| 8:38 | Build | House |
| 9:03 | Build | Mining Camp |
| 9:23 | Build | Palisade Wall |
| 9:34 | Build | Palisade Wall |
| 9:57 | Research | Feudal Age |
| 9:58 | Create | Villager (Male) |
| 9:58 | Create | Villager (Male) |
| 10:54 | Build | Palisade Wall |
| 11:02 | Build | Palisade Wall |
| 11:05 | Build | House |
| 11:07 | Build | House |
| 12:34 | Build | Market |
| 12:39 | Build | Blacksmith |
| 12:41 | Build | House |
| 13:01 | Build | Mining Camp |
| 13:22 | Research | Castle Age |
| 13:34 | Research | Double-Bit Axe |
| 13:35 | Research | Horse Collar |
| 13:42 | Build | Farm |
| 13:43 | Build | Farm |
| 14:00 | Build | Farm |
| 14:15 | Build | Farm |
| 14:17 | Create | Villager (Male) |
| 14:17 | Create | Villager (Male) |
| 15:55 | Research | Wheelbarrow |
| 16:04 | Build | Town Center |
| 16:09 | Build | Town Center |
| 16:43 | Build | Town Center |
| 17:11 | Build | Farm |
| 17:15 | Create | Villager (Male) |
| 17:15 | Create | Villager (Male) |
| 17:21 | Build | Farm |
| 17:24 | Create | Villager (Male) |
| 17:31 | Create | Villager (Male) |
| 17:48 | Build | Farm |
| 17:52 | Create | Villager (Male) |
| 17:57 | Create | Villager (Male) |
| 18:01 | Build | Farm |
| 18:10 | Create | Villager (Male) |
| 18:14 | Build | Farm |
| 18:16 | Build | Farm |
| 18:23 | Create | Villager (Male) |
| 18:23 | Create | Villager (Male) |
| 18:29 | Build | Farm |
| 18:39 | Create | Villager (Male) |
| 18:39 | Create | Villager (Male) |
| 18:42 | Build | Farm |
| 18:46 | Build | Farm |
| 18:49 | Create | Villager (Male) |
| 18:55 | Build | Farm |
| 19:06 | Create | Villager (Male) |
| 19:07 | Create | Villager (Male) |
| 19:14 | Build | Farm |
| 19:14 | Build | Farm |
| 19:16 | Build | Farm |
| 19:17 | Create | Villager (Male) |
| 19:18 | Create | Villager (Male) |
| 19:20 | Build | Farm |
| 19:25 | Create | Villager (Male) |
| 19:28 | Build | Farm |
| 19:34 | Create | Villager (Male) |
| 19:40 | Build | Farm |
| 19:50 | Build | House |
| 19:52 | Build | House |
| 19:53 | Build | House |
| 19:54 | Create | Villager (Male) |
| 19:54 | Create | Villager (Male) |
| 19:54 | Create | Villager (Male) |
| 19:54 | Create | Villager (Male) |
| 20:02 | Build | House |
| 20:03 | Build | House |
| 20:06 | Create | Villager (Male) |
| 20:07 | Create | Villager (Male) |
| 20:23 | Build | Farm |
| 20:28 | Build | Farm |
| 20:31 | Build | Farm |
| 20:33 | Create | Villager (Male) |
| 20:33 | Create | Villager (Male) |
| 20:34 | Create | Villager (Male) |
| 20:34 | Create | Villager (Male) |
| 20:45 | Create | Villager (Male) |
| 20:45 | Create | Villager (Male) |
| 20:52 | Build | Farm |
| 20:55 | Create | Villager (Male) |
| 20:56 | Create | Villager (Male) |
| 21:01 | Build | Farm |
| 21:04 | Build | Farm |
| 21:06 | Build | Farm |
| 21:17 | Create | Villager (Male) |
| 21:17 | Create | Villager (Male) |
| 21:18 | Create | Villager (Male) |
| 21:18 | Create | Villager (Male) |
| 21:28 | Build | House |
| 21:29 | Build | House |
| 21:30 | Create | Villager (Male) |
| 21:30 | Create | Villager (Male) |
| 21:30 | Create | Villager (Male) |
| 21:36 | Build | Farm |
| 21:41 | Build | Farm |
| 21:41 | Create | Villager (Male) |
| 21:41 | Create | Villager (Male) |
| 21:54 | Build | Farm |
| 21:55 | Create | Villager (Male) |
| 21:55 | Create | Villager (Male) |
Build order — 𝕰𝕷 𝕿𝖀𝕽𝕮𝕺
First 150 of 437 actions detected
| 0:02 | Create | Villager (Male) ×4 |
| 0:03 | Create | Villager (Male) ×4 |
| 0:07 | Build | House |
| 0:39 | Build | House |
| 0:40 | Build | House |
| 1:42 | Create | Villager (Male) |
| 1:42 | Create | Villager (Male) |
| 2:10 | Create | Villager (Male) |
| 2:11 | Create | Villager (Male) |
| 2:26 | Create | Villager (Male) |
| 2:43 | Create | Villager (Male) |
| 2:43 | Create | Villager (Male) |
| 3:36 | Create | Villager (Male) |
| 3:37 | Create | Villager (Male) |
| 3:37 | Create | Villager (Male) |
| 4:18 | Create | Villager (Male) |
| 4:18 | Create | Villager (Male) |
| 4:18 | Create | Villager (Male) |
| 4:45 | Create | Villager (Male) |
| 4:45 | Create | Villager (Male) |
| 5:04 | Create | Villager (Male) |
| 5:05 | Create | Villager (Male) |
| 5:35 | Build | Lumber Camp |
| 5:43 | Build | Palisade Wall |
| 5:49 | Create | Villager (Male) |
| 5:49 | Create | Villager (Male) |
| 5:49 | Create | Villager (Male) |
| 5:50 | Create | Villager (Male) |
| 5:50 | Create | Villager (Male) |
| 6:00 | Create | Villager (Male) |
| 6:01 | Create | Villager (Male) |
| 6:01 | Create | Villager (Male) |
| 6:13 | Build | House |
| 8:13 | Build | House |
| 8:31 | Create | Villager (Male) |
| 8:50 | Build | Palisade Wall |
| 9:07 | Create | Villager (Male) |
| 9:27 | Build | Mill |
| 9:33 | Create | Villager (Male) |
| 9:52 | Research | Feudal Age |
| 10:12 | Build | Mining Camp |
| 11:10 | Research | Loom |
| 12:08 | Age | Feudal Age |
| 12:18 | Build | Market |
| 12:20 | Create | Villager (Male) |
| 12:21 | Create | Villager (Male) |
| 12:21 | Create | Villager (Male) |
| 12:46 | Build | House |
| 13:05 | Build | Blacksmith |
| 13:46 | Build | Mining Camp |
| 13:48 | Research | Castle Age |
| 14:13 | Build | Palisade Gate |
| 16:06 | Build | Farm |
| 16:08 | Build | Farm |
| 16:25 | Build | Farm |
| 16:27 | Create | Villager (Male) |
| 16:27 | Create | Villager (Male) |
| 16:27 | Create | Villager (Male) |
| 16:28 | Create | Villager (Male) |
| 16:28 | Create | Villager (Male) |
| 16:28 | Age | Castle Age |
| 16:28 | Create | Villager (Male) |
| 16:40 | Build | Krepost |
| 16:56 | Build | Farm |
| 17:11 | Build | Farm |
| 17:44 | Build | Farm |
| 17:48 | Create | Villager (Male) |
| 17:48 | Create | Villager (Male) |
| 18:32 | Research | Fletching |
| 18:32 | Create | Villager (Male) |
| 18:32 | Create | Villager (Male) |
| 18:33 | Create | Villager (Male) |
| 18:52 | Create | Petard |
| 18:57 | Create | Villager (Male) |
| 18:58 | Create | Villager (Male) |
| 19:23 | Build | Farm |
| 19:23 | Build | Farm |
| 19:23 | Build | Farm |
| 19:23 | Build | Farm |
| 19:24 | Build | Farm |
| 19:39 | Create | Petard |
| 20:09 | Create | Konnik |
| 20:40 | Create | Konnik |
| 20:40 | Create | Konnik |
| 20:49 | Build | Krepost |
| 21:06 | Create | Konnik |
| 21:06 | Create | Konnik |
| 21:19 | Create | Villager (Male) |
| 21:20 | Create | Villager (Male) |
| 21:49 | Create | Konnik |
| 21:49 | Create | Konnik |
| 22:10 | Research | Scale Barding Armor |
| 22:45 | Create | Konnik |
| 22:45 | Create | Konnik |
| 22:55 | Create | Konnik |
| 22:55 | Create | Konnik |
| 23:15 | Create | Villager (Male) |
| 23:15 | Create | Villager (Male) |
| 23:33 | Build | Krepost |
| 23:50 | Create | Konnik |
| 23:51 | Create | Villager (Male) |
| 23:52 | Create | Villager (Male) |
| 24:13 | Build | Mining Camp |
| 24:16 | Create | Villager (Male) |
| 24:16 | Create | Villager (Male) |
| 24:41 | Create | Villager (Male) |
| 24:41 | Create | Villager (Male) |
| 24:53 | Build | Town Center |
| 24:57 | Create | Konnik |
| 25:11 | Create | Villager (Male) |
| 25:12 | Create | Villager (Male) |
| 25:34 | Research | Bodkin Arrow |
| 25:34 | Research | Bodkin Arrow |
| 25:52 | Build | Farm |
| 26:02 | Create | Konnik |
| 26:03 | Create | Konnik |
| 26:05 | Build | Farm |
| 26:22 | Create | Villager (Male) |
| 26:22 | Create | Villager (Male) |
| 26:57 | Create | Villager (Male) ×2 |
| 26:57 | Create | Villager (Male) ×2 |
| 27:24 | Create | Konnik |
| 27:25 | Create | Konnik |
| 27:39 | Build | Krepost |
| 27:52 | Create | Konnik |
| 27:52 | Create | Konnik |
| 28:45 | Create | Konnik |
| 28:45 | Create | Konnik |
| 28:45 | Create | Konnik |
| 29:00 | Build | Farm |
| 29:11 | Build | Siege Workshop |
| 29:13 | Create | Villager (Male) |
| 29:14 | Create | Villager (Male) |
| 29:33 | Create | Konnik |
| 29:33 | Create | Konnik |
| 29:33 | Create | Konnik |
| 29:47 | Create | Battering Ram |
| 29:47 | Create | Battering Ram |
| 30:04 | Create | Villager (Male) |
| 30:04 | Create | Villager (Male) |
| 30:25 | Build | Krepost |
| 31:18 | Create | Konnik ×2 |
| 31:18 | Create | Konnik ×2 |
| 31:31 | Create | Mangonel |
| 31:32 | Create | Mangonel |
| 31:41 | Build | Krepost |
| 31:47 | Create | Konnik |
| 31:48 | Create | Konnik |
| 32:03 | Create | Villager (Male) |
| 32:03 | Create | Villager (Male) |
Build order — HAMADY
First 150 of 422 actions detected
| 0:01 | Create | Villager (Male) |
| 0:01 | Create | Villager (Male) |
| 0:02 | Create | Villager (Male) |
| 0:02 | Create | Villager (Male) |
| 0:02 | Create | Villager (Male) |
| 0:03 | Build | House |
| 0:05 | Build | House |
| 1:37 | Create | Villager (Male) |
| 1:52 | Build | Lumber Camp |
| 1:57 | Create | Villager (Male) |
| 2:37 | Create | Villager (Male) |
| 2:37 | Create | Villager (Male) |
| 2:41 | Create | Villager (Male) |
| 3:30 | Create | Villager (Male) |
| 3:30 | Create | Villager (Male) |
| 3:31 | Build | House |
| 3:42 | Create | Villager (Male) |
| 4:08 | Create | Villager (Male) |
| 4:46 | Create | Villager (Male) |
| 4:47 | Create | Villager (Male) |
| 5:17 | Create | Villager (Male) |
| 5:17 | Create | Villager (Male) |
| 5:18 | Build | Mill |
| 5:32 | Create | Villager (Male) |
| 5:50 | Build | House |
| 5:58 | Create | Villager (Male) |
| 6:24 | Create | Villager (Male) |
| 6:50 | Build | Palisade Wall |
| 6:55 | Build | Palisade Wall |
| 6:58 | Create | Villager (Male) |
| 7:00 | Build | Farm |
| 7:16 | Create | Villager (Male) |
| 7:40 | Create | Villager (Male) |
| 7:51 | Build | Farm |
| 7:53 | Create | Villager (Male) |
| 8:07 | Build | House |
| 8:08 | Build | House |
| 8:21 | Create | Villager (Male) |
| 8:40 | Build | Farm |
| 8:46 | Create | Villager (Male) |
| 8:50 | Build | House |
| 8:54 | Build | House |
| 9:01 | Build | Palisade Wall |
| 9:03 | Build | Palisade Wall |
| 9:21 | Create | Villager (Male) |
| 9:32 | Build | Palisade Gate |
| 9:41 | Build | Mining Camp |
| 9:49 | Create | Villager (Male) |
| 9:56 | Build | Farm |
| 10:01 | Create | Villager (Male) |
| 10:40 | Create | Villager (Male) |
| 10:43 | Research | Feudal Age |
| 10:47 | Build | Farm |
| 11:08 | Build | Palisade Wall |
| 11:31 | Build | Farm |
| 11:41 | Build | House |
| 11:45 | Build | House |
| 12:22 | Build | Farm |
| 12:26 | Build | Farm |
| 12:31 | Build | House |
| 12:38 | Build | House |
| 12:55 | Create | Villager (Male) |
| 12:56 | Create | Villager (Male) |
| 13:01 | Research | Loom |
| 13:18 | Age | Feudal Age |
| 13:22 | Build | Market |
| 13:28 | Build | Blacksmith |
| 13:48 | Create | Villager (Male) |
| 14:18 | Research | Castle Age |
| 14:21 | Build | Farm |
| 14:24 | Research | Double-Bit Axe |
| 14:28 | Research | Horse Collar |
| 14:38 | Build | Farm |
| 16:01 | Build | Outpost |
| 16:32 | Build | Outpost |
| 16:34 | Build | Outpost |
| 17:03 | Create | Villager (Male) |
| 17:08 | Create | Villager (Male) |
| 17:13 | Age | Castle Age |
| 17:24 | Build | Town Center |
| 17:26 | Create | Villager (Male) |
| 17:45 | Build | Stone Wall |
| 17:57 | Create | Villager (Male) |
| 18:03 | Create | Villager (Male) |
| 18:35 | Build | Gate |
| 18:38 | Create | Villager (Male) |
| 19:12 | Build | Castle |
| 19:15 | Create | Villager (Male) |
| 19:26 | Create | Villager (Male) |
| 19:33 | Build | House |
| 19:34 | Build | House |
| 19:36 | Build | House |
| 19:51 | Create | Villager (Male) |
| 19:51 | Create | Villager (Male) |
| 19:55 | Build | Farm |
| 20:00 | Create | Villager (Male) |
| 20:19 | Build | House |
| 20:20 | Build | House |
| 20:22 | Build | House |
| 20:34 | Create | Mameluke |
| 20:34 | Create | Mameluke |
| 20:35 | Create | Mameluke |
| 20:39 | Build | Palisade Gate |
| 20:44 | Build | Palisade Gate |
| 20:48 | Build | House |
| 20:56 | Build | House |
| 21:26 | Create | Villager (Male) |
| 21:26 | Create | Villager (Male) |
| 21:43 | Create | Mameluke |
| 21:44 | Create | Mameluke |
| 21:48 | Create | Villager (Male) |
| 21:49 | Create | Villager (Male) |
| 21:49 | Create | Villager (Male) |
| 22:15 | Build | Stone Wall |
| 22:16 | Build | Stone Wall |
| 22:24 | Create | Villager (Male) |
| 22:25 | Create | Villager (Male) |
| 22:26 | Build | Farm |
| 22:47 | Build | Siege Workshop |
| 22:58 | Build | Farm |
| 22:58 | Build | Farm |
| 22:59 | Create | Mameluke |
| 23:00 | Create | Mameluke |
| 23:13 | Build | Farm |
| 23:27 | Create | Villager (Male) |
| 23:27 | Create | Villager (Male) |
| 23:50 | Create | Mameluke |
| 23:50 | Create | Mameluke |
| 23:55 | Build | Farm |
| 23:56 | Create | Villager (Male) |
| 24:07 | Create | Mameluke |
| 24:24 | Create | Villager (Male) |
| 24:25 | Create | Villager (Male) |
| 24:33 | Create | Battering Ram |
| 24:33 | Create | Battering Ram |
| 24:38 | Create | Mameluke |
| 24:46 | Build | Lumber Camp |
| 24:57 | Create | Mameluke |
| 24:57 | Create | Mameluke |
| 25:33 | Create | Mameluke |
| 25:34 | Create | Mameluke |
| 25:39 | Create | Villager (Male) |
| 25:40 | Create | Villager (Male) |
| 25:56 | Build | Farm |
| 25:58 | Build | Farm |
| 26:00 | Create | Villager (Male) |
| 26:02 | Build | Farm |
| 26:06 | Create | Mameluke |
| 26:17 | Create | Battering Ram |
| 26:28 | Create | Mameluke |
Build order — Sacks910
First 150 of 564 actions detected
| 0:02 | Create | Villager (Male) |
| 0:03 | Create | Villager (Male) |
| 0:03 | Create | Villager (Male) |
| 0:03 | Create | Villager (Male) |
| 0:05 | Build | House |
| 0:06 | Build | House |
| 1:28 | Create | Villager (Male) |
| 1:28 | Create | Villager (Male) |
| 1:29 | Create | Villager (Male) |
| 1:53 | Create | Villager (Male) |
| 1:54 | Create | Villager (Male) |
| 2:19 | Build | Lumber Camp |
| 2:32 | Create | Villager (Male) |
| 2:32 | Create | Villager (Male) |
| 3:00 | Create | Villager (Male) |
| 3:01 | Create | Villager (Male) |
| 3:01 | Create | Villager (Male) |
| 3:43 | Build | House |
| 3:52 | Create | Villager (Male) |
| 3:52 | Create | Villager (Male) |
| 3:52 | Create | Villager (Male) |
| 3:53 | Create | Villager (Male) |
| 4:47 | Create | Villager (Male) |
| 5:11 | Create | Villager (Male) |
| 5:12 | Create | Villager (Male) |
| 5:12 | Create | Villager (Male) |
| 5:33 | Build | Mill |
| 6:19 | Research | Loom |
| 6:48 | Create | Villager (Male) |
| 6:59 | Build | House |
| 7:00 | Build | House |
| 7:06 | Research | Feudal Age |
| 8:01 | Build | Palisade Gate |
| 8:07 | Build | House |
| 8:28 | Create | Villager (Male) |
| 8:28 | Create | Villager (Male) |
| 9:13 | Build | House |
| 9:23 | Age | Feudal Age |
| 9:25 | Build | Town Center |
| 9:30 | Research | Horse Collar |
| 9:31 | Research | Double-Bit Axe |
| 10:11 | Create | Villager (Male) |
| 10:38 | Create | Villager (Male) |
| 10:40 | Create | Villager (Male) |
| 10:46 | Build | Farm |
| 11:04 | Build | Farm |
| 11:07 | Create | Villager (Male) |
| 11:13 | Build | Farm |
| 11:25 | Create | Villager (Male) |
| 11:28 | Build | Farm |
| 11:39 | Create | Villager (Male) |
| 11:44 | Build | Farm |
| 11:55 | Create | Villager (Male) |
| 11:55 | Create | Villager (Male) |
| 12:01 | Build | Farm |
| 12:07 | Build | Farm |
| 12:10 | Create | Villager (Male) |
| 12:11 | Create | Villager (Male) |
| 12:30 | Create | Villager (Male) |
| 12:54 | Build | Mining Camp |
| 12:57 | Create | Villager (Male) |
| 12:59 | Create | Villager (Male) |
| 13:09 | Build | Farm |
| 13:09 | Build | Farm |
| 13:12 | Create | Villager (Male) |
| 13:13 | Create | Villager (Male) |
| 13:29 | Build | House |
| 13:30 | Build | House |
| 13:32 | Create | Villager (Male) |
| 13:33 | Create | Villager (Male) |
| 13:35 | Build | Farm |
| 13:53 | Build | Farm |
| 13:55 | Create | Villager (Male) |
| 13:56 | Create | Villager (Male) |
| 14:14 | Create | Villager (Male) |
| 14:15 | Create | Villager (Male) |
| 14:31 | Build | Farm |
| 14:32 | Build | Farm |
| 14:40 | Build | Farm |
| 14:41 | Build | Farm |
| 14:42 | Build | Farm |
| 14:43 | Build | Farm |
| 14:44 | Build | Farm |
| 14:48 | Build | Farm |
| 14:50 | Create | Villager (Male) |
| 14:51 | Create | Villager (Male) |
| 14:55 | Build | Farm |
| 15:12 | Create | Villager (Male) |
| 15:12 | Create | Villager (Male) |
| 15:18 | Build | House |
| 15:19 | Build | House |
| 15:21 | Create | Villager (Male) |
| 15:22 | Create | Villager (Male) |
| 15:35 | Build | Farm |
| 15:42 | Create | Villager (Male) |
| 15:51 | Create | Villager (Male) |
| 15:52 | Create | Villager (Male) |
| 16:00 | Build | Farm |
| 16:10 | Build | Mill |
| 16:19 | Build | Mill |
| 16:26 | Create | Villager (Male) |
| 16:27 | Create | Villager (Male) |
| 16:29 | Create | Villager (Male) |
| 16:32 | Build | Farm |
| 16:37 | Create | Villager (Male) |
| 16:43 | Build | Farm |
| 16:43 | Build | Farm |
| 16:49 | Build | Farm |
| 17:05 | Build | Farm |
| 17:24 | Build | Blacksmith |
| 17:26 | Create | Villager (Male) |
| 17:28 | Create | Villager (Male) |
| 17:43 | Create | Villager (Male) |
| 17:51 | Build | Market |
| 17:57 | Create | Villager (Male) |
| 17:58 | Create | Villager (Male) |
| 18:04 | Build | Farm |
| 18:17 | Create | Villager (Male) |
| 18:18 | Create | Villager (Male) |
| 18:26 | Build | Barracks |
| 18:33 | Build | Farm |
| 18:41 | Research | Gold Mining |
| 18:57 | Research | Castle Age |
| 19:27 | Build | Stable |
| 19:30 | Build | Stable |
| 19:31 | Build | Stable |
| 19:33 | Create | Villager (Male) |
| 19:33 | Create | Villager (Male) |
| 19:37 | Build | House |
| 19:39 | Build | House |
| 19:40 | Build | House |
| 19:43 | Build | Farm |
| 19:44 | Create | Villager (Male) |
| 19:47 | Research | Wheelbarrow |
| 19:57 | Create | Villager (Male) |
| 19:58 | Create | Villager (Male) |
| 20:05 | Build | Lumber Camp |
| 20:19 | Build | Mining Camp |
| 20:41 | Create | Villager (Male) |
| 20:42 | Create | Villager (Male) |
| 20:51 | Research | Bloodlines |
| 20:54 | Research | Forging |
| 20:55 | Research | Scale Barding Armor |
| 21:06 | Create | Villager (Male) |
| 21:07 | Create | Villager (Male) |
| 21:15 | Build | House |
| 21:16 | Build | House |
| 21:18 | Build | House |
| 21:19 | Build | House |
| 21:23 | Build | House |
Match timeline
| 3:51 | Jabberwock · wall_segment Palisade Wall x5 |
| 3:54 | Jabberwock · wall_segment Palisade Wall x2 |
| 4:22 | dravecz8619 · wall_segment Palisade Wall x1 |
| 4:49 | leilei777771 · wall_segment Palisade Wall x5 |
| 4:54 | Jabberwock · wall_segment Palisade Wall x2 |
| 5:01 | leilei777771 · wall_segment Palisade Wall x3 |
| 5:42 | Jabberwock · wall_segment Palisade Wall x4 |
| 5:43 | 𝕰𝕷 𝕿𝖀𝕽𝕮𝕺 · wall_segment Palisade Wall x15 |
| 6:03 | Jabberwock · wall_segment Palisade Wall x4 |
| 6:26 | questupidez · wall_segment Palisade Wall x31 |
| 6:40 | leilei777771 · wall_segment Palisade Wall x14 |
| 6:41 | questupidez · wall_segment Palisade Wall x10 |
| 6:50 | HAMADY · wall_segment Palisade Wall x7 |
| 6:53 | leilei777771 · wall_segment Palisade Wall x11 |
| 6:55 | HAMADY · wall_segment Palisade Wall x17 |
| 7:51 | questupidez · age_up feudal |
| 8:03 | emrek03 · first_building Barracks |
| 8:41 | emrek03 · wall_segment Palisade Wall x15 |
| 8:45 | emrek03 · wall_segment Palisade Wall x4 |
| 8:50 | 𝕰𝕷 𝕿𝖀𝕽𝕮𝕺 · wall_segment Palisade Wall x3 |
| 9:01 | emrek03 · wall_segment Palisade Wall x4 |
| 9:01 | HAMADY · wall_segment Palisade Wall x10 |
| 9:03 | HAMADY · wall_segment Palisade Wall x8 |
| 9:04 | emrek03 · wall_segment Palisade Wall x16 |
| 9:07 | emrek03 · wall_segment Palisade Wall x10 |
| 9:23 | Sacks910 · age_up feudal |
| 9:23 | dravecz8619 · wall_segment Palisade Wall x20 |
| 9:34 | dravecz8619 · wall_segment Palisade Wall x15 |
| 10:01 | emrek03 · age_up feudal |
| 10:07 | questupidez · wall_segment Palisade Wall x5 |
| 10:16 | emrek03 · first_building Archery Range |
| 10:46 | Jabberwock · age_up feudal |
| 10:54 | dravecz8619 · wall_segment Palisade Wall x7 |
| 11:02 | dravecz8619 · wall_segment Palisade Wall x12 |
| 11:08 | HAMADY · wall_segment Palisade Wall x1 |
| 11:10 | questupidez · first_building Barracks |
| 12:08 | 𝕰𝕷 𝕿𝖀𝕽𝕮𝕺 · age_up feudal |
| 12:49 | Jabberwock · first_market_sell 100 stone |
| 12:50 | questupidez · first_building Stable |
| 13:18 | HAMADY · age_up feudal |
| 14:18 | Jabberwock · age_up castle |
| 15:38 | questupidez · wall_segment Stone Wall x1 |
| 16:11 | Jabberwock · first_market_buy 100 food |
| 16:28 | 𝕰𝕷 𝕿𝖀𝕽𝕮𝕺 · age_up castle |
| 16:29 | leilei777771 · first_building Castle |
| 16:40 | 𝕰𝕷 𝕿𝖀𝕽𝕮𝕺 · first_building Krepost |
| 16:48 | Jabberwock · wall_segment Stone Wall x18 |
| 17:13 | HAMADY · age_up castle |
| 17:33 | Jabberwock · wall_segment Stone Wall x1 |
| 17:37 | Jabberwock · wall_segment Stone Wall x1 |
| 17:45 | HAMADY · wall_segment Stone Wall x18 |
| 18:16 | questupidez · wall_segment Palisade Wall x5 |
| 18:21 | questupidez · wall_segment Stone Wall x5 |
| 18:26 | Sacks910 · first_building Barracks |
| 18:55 | Jabberwock · wall_segment Stone Wall x1 |
| 18:56 | questupidez · wall_segment Palisade Wall x2 |
| 18:58 | HAMADY · first_market_sell 100 food |
| 18:59 | HAMADY · first_market_buy 100 stone |
| 19:12 | HAMADY · first_building Castle |
| 19:27 | questupidez · wall_segment Palisade Wall x4 |
| 19:27 | Sacks910 · first_building Stable |
| 19:45 | questupidez · wall_segment Stone Wall x4 |
| 19:57 | leilei777771 · wall_segment Stone Wall x2 |
| 20:32 | Jabberwock · wall_segment Stone Wall x3 |
| 20:34 | Jabberwock · wall_segment Stone Wall x2 |
| 20:36 | Jabberwock · wall_segment Stone Wall x3 |
| 21:08 | emrek03 · age_up castle |
| 21:55 | Sacks910 · age_up castle |
| 22:02 | Jabberwock · first_building Castle |
| 22:15 | HAMADY · wall_segment Stone Wall x1 |
| 22:15 | dravecz8619 · first_building Castle |
| 22:15 | questupidez · age_up castle |
| 22:16 | HAMADY · wall_segment Stone Wall x1 |
| 22:18 | questupidez · first_building Castle |
| 22:44 | Jabberwock · first_building Barracks |
| 22:47 | HAMADY · first_building Siege Workshop |
| 22:55 | Jabberwock · wall_segment Stone Wall x4 |
| 23:01 | Jabberwock · wall_segment Stone Wall x10 |
| 23:18 | dravecz8619 · first_building Monastery |
| 23:56 | Jabberwock · first_building Stable |
| 24:03 | dravecz8619 · first_building Barracks |
| 24:20 | dravecz8619 · first_market_sell 100 food |
| 24:36 | leilei777771 · wall_segment Stone Wall x2 |
| 24:43 | Sacks910 · first_building Monastery |
| 24:47 | questupidez · first_building Monastery |
| 25:23 | leilei777771 · wall_segment Stone Wall x12 |
| 25:41 | dravecz8619 · wall_segment Stone Wall x9 |
| 26:46 | dravecz8619 · first_building Archery Range |
| 27:36 | dravecz8619 · wall_segment Stone Wall x5 |
| 27:40 | emrek03 · wall_segment Stone Wall x4 |
| 27:43 | emrek03 · wall_segment Stone Wall x12 |
| 27:45 | leilei777771 · wall_segment Stone Wall x2 |
| 28:00 | Sacks910 · first_building Castle |
| 28:25 | dravecz8619 · wall_segment Stone Wall x42 |
| 28:32 | dravecz8619 · wall_segment Stone Wall x4 |
| 28:46 | emrek03 · first_building Monastery |
| 29:11 | 𝕰𝕷 𝕿𝖀𝕽𝕮𝕺 · first_building Siege Workshop |
| 29:32 | leilei777771 · wall_segment Stone Wall x11 |
| 31:27 | 𝕰𝕷 𝕿𝖀𝕽𝕮𝕺 · first_market_sell 100 food |
| 31:34 | leilei777771 · wall_segment Stone Wall x9 |
| 31:40 | leilei777771 · wall_segment Stone Wall x9 |
| 31:47 | dravecz8619 · first_building Stable |
| 31:56 | leilei777771 · wall_segment Stone Wall x8 |
| 31:58 | leilei777771 · wall_segment Stone Wall x4 |
| 32:24 | emrek03 · first_building Siege Workshop |
| 32:35 | Jabberwock · wall_segment Stone Wall x15 |
| 32:38 | Jabberwock · wall_segment Stone Wall x9 |
| 32:43 | leilei777771 · wall_segment Stone Wall x3 |
| 32:46 | leilei777771 · wall_segment Stone Wall x5 |
| 32:49 | emrek03 · age_up imperial |
| 33:00 | Sacks910 · age_up imperial |
| 34:18 | leilei777771 · wall_segment Stone Wall x3 |
| 34:31 | Jabberwock · first_building Monastery |
| 34:44 | questupidez · first_building Siege Workshop |
| 34:57 | Jabberwock · age_up imperial |
| 35:00 | emrek03 · first_market_sell 100 food |
| 35:04 | emrek03 · first_market_buy 100 wood |
| 35:40 | 𝕰𝕷 𝕿𝖀𝕽𝕮𝕺 · first_building Castle |
| 35:46 | Jabberwock · wall_segment Stone Wall x29 |
| 35:52 | emrek03 · first_building Castle |
| 36:21 | HAMADY · first_building Monastery |
| 36:22 | Jabberwock · first_building Siege Workshop |
| 36:44 | emrek03 · wall_segment Stone Wall x17 |
| 36:46 | emrek03 · wall_segment Stone Wall x11 |
| 36:49 | emrek03 · wall_segment Stone Wall x7 |
| 37:48 | 𝕰𝕷 𝕿𝖀𝕽𝕮𝕺 · first_market_buy 100 food |
| 37:53 | HAMADY · wall_segment Stone Wall x1 |
| 38:57 | leilei777771 · first_building Barracks |
| 39:46 | leilei777771 · first_building Stable |
| 40:34 | questupidez · first_building Archery Range |
| 40:49 | Sacks910 · tribute_sent a jugador 1 |
| 40:49 | Sacks910 · tribute_sent a jugador 2 |
| 40:49 | Sacks910 · tribute_sent a jugador 3 |
| 40:49 | Sacks910 · tribute_sent a jugador 4 |
| 40:49 | Sacks910 · tribute_sent a jugador 5 |
| 40:49 | Sacks910 · tribute_sent a jugador 6 |
| 40:49 | Sacks910 · tribute_sent a jugador 7 |
| 41:04 | questupidez · age_up imperial |
| 41:15 | Sacks910 · first_market_buy 100 stone |
| 41:32 | 𝕰𝕷 𝕿𝖀𝕽𝕮𝕺 · first_building Barracks |
| 42:24 | 𝕰𝕷 𝕿𝖀𝕽𝕮𝕺 · first_building Stable |
| 44:07 | HAMADY · age_up imperial |
| 44:25 | 𝕰𝕷 𝕿𝖀𝕽𝕮𝕺 · age_up imperial |
| 48:52 | dravecz8619 · wall_segment Stone Wall x1 |
| 49:53 | HAMADY · first_building Barracks |
| 50:17 | 𝕰𝕷 𝕿𝖀𝕽𝕮𝕺 · wall_segment Stone Wall x7 |
| 51:39 | HAMADY · first_building Stable |
| 51:39 | dravecz8619 · wall_segment Stone Wall x10 |
| 53:58 | emrek03 · wall_segment Stone Wall x13 |
| 55:16 | dravecz8619 · wall_segment Stone Wall x19 |
| 56:26 | Sacks910 · resign |
[ AI ANALYSIS · 1 CREDIT ]
What really happened in this match?
Wolo.gg analyzes every decision: build order, eco, micro, common mistakes by bracket. Personalized analysis on WhatsApp or Discord in 30 seconds.
Civ guide
Wei
Perfil
Jugador #2705060